Map: Deathaura LE

Players

pezzaperry (Pezz)

  • Race: Protoss Protoss
  • League: Grandmaster
  • Spawn Location: 11:00

RazerBlader - Winner!

  • Race: Terran Terran
  • League: Master
  • Spawn Location: 5:00

Event: DreamHack SC2 Masters 2020 Winter

VOD

Have the link to the VOD?

Description

Time

  • Played on: Oct. 10, 2020, 9:19 p.m.
  • Length: 13:38

All games in this series

Show
View Real Time Build Order
Export as new Build Order

pezzaperry Protoss 

Build Orders: 1 Gate Expand, Colossus Rush 

Get SALT Encoding   

  12  0:00  Probe  
  13  0:12  Probe  
  14  0:17  Pylon  
  14  0:24  Probe  
  15  0:35  Gateway  
  15  0:37  Probe (Chrono Boost)  
  16  0:47  Probe (Chrono Boost)  
  16  0:48  Assimilator  
  17  0:52  Probe (Chrono Boost)  
  18  1:04  Probe  
  19  1:16  Probe  
  20  1:22  Cybernetics Core  
  20  1:35  Nexus  
  20  1:42  Pylon  
  20  1:44  Probe  
  21  1:48  Assimilator  
  21  1:57  Probe, Adept (Chrono Boost)  
  21  2:00  Warp Gate  
  24  2:09  Probe  
  25  2:20  Stalker  
  25  2:21  Probe  
  28  2:33  Probe  
  29  2:38  Robotics Facility  
  29  2:45  Probe  
  29  2:48  Probe  
  31  2:55  Sentry  
  31  2:57  Probe  
  31  2:58  Gateway  
  34  3:00  Probe  
  35  3:09  Probe  
  35  3:11  Gateway  
  35  3:12  Probe  
  37  3:14  Pylon  
  37  3:21  Probe  
  37  3:27  Probe  
  39  3:29  Observer (Chrono Boost)  
  40  3:35  Probe  
  41  3:42  Probe, Immortal (Chrono Boost), Pylon  
  46  3:51  Probe  
  46  3:54  Probe  
  48  3:57  Robotics Bay, Assimilator  
  48  4:00  Assimilator  
  48  4:03  Probe  
  48  4:06  Probe  
  50  4:15  Probe, Shield Battery  
  51  4:18  Probe  
  51  4:19  Pylon  
  51  4:23  Observer  
  52  4:27  Probe  
  52  4:30  Probe  
  54  4:33  Observer  
  54  4:36  Stalker x2, Zealot  
  61  4:39  Probe, Pylon  
  61  4:40  Pylon  
  62  4:56  Nexus  
  62  4:57  Colossus (Chrono Boost)  
  62  5:03  Observer  
  68  5:12  Extended Thermal Lance (Chrono Boost)  
  68  5:13  Pylon  
  68  5:19  Twilight Council, Pylon  
  68  5:39  Stalker x2  
  68  5:40  Zealot  
  68  5:41  Colossus (Chrono Boost)  
  80  5:51  Gateway  
  80  5:56  Charge (Chrono Boost)  
  80  6:00  Gateway  
  80  6:09  Gateway  
  80  6:11  Gateway  
  80  6:14  Gateway  
  80  6:24  Colossus (Chrono Boost)  
  80  6:30  Probe x3  
  89  6:33  Pylon  
  89  6:40  Sentry  
  89  6:41  Sentry  
  89  6:42  Zealot  
  95  6:47  Zealot  
  95  6:50  Pylon  
  95  6:51  Pylon  
  95  6:56  Zealot  
  97  7:05  Pylon  
  97  7:08  Zealot x3  
  99  7:15  Zealot x3  
  105  7:20  Zealot x2  
  97  7:36  Zealot x5  
  91  7:42  Observer  
  91  7:44  Zealot x3  
  59  7:55  Zealot  
  59  7:56  Zealot x3  
  65  8:00  Sentry  
  67  8:07  Sentry  
  67  8:08  Sentry  
  67  8:10  Sentry  
  67  8:11  Zealot x2  
  77  8:15  Templar Archives  
  76  8:31  Zealot x5  
  76  8:32  Zealot  
  88  8:37  Zealot  
  90  8:47  Pylon  
  87  8:52  Pylon  
  87  8:53  Pylon  
  79  8:59  Zealot x2  
  83  9:10  Pylon  
  81  9:21  Stalker x3  
  81  9:24  Zealot x2  
  88  9:31  Colossus (Chrono Boost)  
  96  9:39  Pylon  
  96  9:42  High Templar x2  
  96  9:45  Probe x2  
  102  9:46  Archon  
  102  9:53  High Templar x2  
  102  9:58  Observer  
  102  9:59  Archon  
  106  10:00  Shield Battery  
  106  10:02  Pylon  
  106  10:09  Disruptor (Chrono Boost)  
  106  10:10  Zealot x2  
  109  10:36  Disruptor (Chrono Boost)  
  109  10:38  Zealot x2  
  109  10:39  Zealot x4  
  124  10:47  Probe x2  
  126  10:50  Probe  
  119  10:59  Probe  
  119  11:03  Disruptor  
  120  11:05  Probe x2  
  99  11:27  Zealot  
  99  11:28  Zealot x7  
  115  11:39  Disruptor (Chrono Boost)  
  110  11:45  Pylon  
  95  12:00  Zealot x3  
  95  12:01  Zealot x5  
  105  12:12  Disruptor (Chrono Boost)  
  105  12:13  Nexus  
  108  12:22  High Templar x6  
  118  12:26  Archon x3  
  107  12:31  Stalker x2  
  104  12:44  Probe  
  104  12:45  Probe x2  
  104  12:50  Disruptor (Chrono Boost)  
  107  12:56  Probe  
  110  13:01  Zealot x7  
  85  13:23  Stalker x3  
  85  13:24  Stalker  
Show
View Real Time Build Order
Export as new Build Order

RazerBlader Terran - Winner!

Build Orders: Reaper Expand 

Get SALT Encoding   

  12  0:00  SCV  
  13  0:12  SCV  
  14  0:17  Supply Depot  
  14  0:24  SCV  
  15  0:38  SCV  
  15  0:40  Barracks  
  16  0:43  Refinery  
  16  0:50  SCV  
  16  0:56  Supply Depot  
  17  1:02  SCV  
  18  1:15  SCV  
  19  1:27  Orbital Command  
  19  1:28  Reaper  
  20  1:44  Command Center  
  20  1:51  Supply Depot  
  20  1:53  SCV  
  21  2:00  Marine  
  22  2:06  SCV  
  23  2:10  Factory  
  23  2:16  Bunker  
  23  2:18  SCV  
  24  2:23  Refinery  
  24  2:24  Barracks Reactor  
  24  2:30  SCV  
  25  2:42  SCV  
  26  2:54  SCV, Hellion  
  26  2:56  Starport  
  26  2:57  Orbital Command  
  28  3:01  Marine x2  
  30  3:06  SCV  
  31  3:16  Factory Tech Lab  
  31  3:18  SCV  
  32  3:20  Supply Depot, Marine x2  
  32  3:24  SCV  
  35  3:30  SCV  
  36  3:36  SCV  
  35  3:42  Raven  
  35  3:43  SCV, Marine, Factory Tech Lab  
  35  3:44  Marine  
  35  3:45  Barracks  
  35  3:48  SCV  
  41  3:53  Supply Depot  
  41  3:56  SCV  
  41  4:00  SCV  
  41  4:02  Marine x2  
  43  4:05  Siege Tank  
  48  4:10  Barracks  
  48  4:12  SCV  
  49  4:17  Engineering Bay  
  49  4:18  SCV  
  49  4:19  Refinery  
  49  4:21  Marine x2  
  52  4:25  SCV  
  52  4:30  SCV  
  54  4:35  Supply Depot  
  54  4:37  SCV  
  55  4:43  Marine  
  55  4:44  Stimpack, Marauder, Marine  
  59  4:46  SCV  
  59  4:48  Supply Depot  
  59  4:49  SCV  
  61  4:53  Terran Infantry Weapons Level 1  
  61  4:54  Factory Reactor, Refinery  
  61  4:59  SCV  
  62  5:04  SCV, Supply Depot  
  62  5:05  Marine  
  62  5:06  Starport Reactor, Marine  
  65  5:11  SCV  
  65  5:13  Marauder  
  68  5:16  SCV  
  68  5:18  Marauder  
  68  5:19  Supply Depot  
  71  5:23  SCV  
  71  5:25  Marine x2  
  71  5:26  Combat Shield  
  71  5:28  SCV  
  75  5:31  Widow Mine x2  
  75  5:35  SCV  
  80  5:40  SCV, Supply Depot  
  80  5:42  Marauder  
  83  5:44  Marauder, Marine  
  83  5:47  SCV, Marine  
  83  5:49  Medivac x2  
  92  5:53  Widow Mine  
  94  6:00  Supply Depot  
  94  6:02  Widow Mine  
  96  6:05  Marauder, Marine  
  96  6:06  Marine  
  96  6:07  Supply Depot, Marauder  
  102  6:12  Supply Depot  
  102  6:19  Supply Depot  
  102  6:22  Medivac  
  102  6:23  Medivac  
  106  6:26  Widow Mine x2  
  106  6:27  Concussive Shells  
  110  6:35  Command Center  
  110  6:39  Marine  
  110  6:40  Marine  
  110  6:41  Marauder  
  110  6:43  Marauder  
  116  7:01  Terran Infantry Armor Level 1  
  116  7:03  Medivac x2  
  116  7:04  Barracks  
  116  7:05  Barracks  
  121  7:15  Marauder  
  121  7:16  Marine x2  
  121  7:17  Marauder  
  116  7:33  Medivac  
  116  7:34  Marine x2  
  111  7:37  Marauder, Marine  
  111  7:40  Widow Mine  
  111  7:42  Widow Mine  
  111  7:43  SCV  
  104  7:49  SCV  
  104  7:51  Orbital Command  
  99  7:52  Marine x2  
  99  7:53  Barracks Reactor, Barracks Tech Lab  
  99  7:56  Marauder  
  105  7:58  Marauder  
  105  8:08  SCV  
  105  8:09  SCV, Armory  
  105  8:10  Engineering Bay, Marine x2  
  109  8:13  Marine  
  109  8:17  Marauder  
  109  8:19  Marine  
  113  8:27  Marine x2  
  113  8:29  SCV, Marine  
  113  8:30  SCV x2  
  113  8:31  Marine  
  113  8:32  Supply Depot, Marauder  
  121  8:38  Marine  
  121  8:39  Marauder  
  118  8:45  Marine x2  
  118  8:46  Widow Mine  
  118  8:47  Widow Mine  
  118  8:48  Marine  
  125  8:53  Marauder, Marine  
  125  8:54  SCV  
  123  8:57  Marauder  
  123  8:59  Terran Infantry Weapons Level 2  
  123  9:00  Marauder  
  123  9:01  SCV x2  
  126  9:03  Marine  
  126  9:06  Marine  
  126  9:07  Widow Mine  
  126  9:08  Widow Mine  
  126  9:09  Marine  
  130  9:10  Marine  
  130  9:14  Marine  
  130  9:17  Marine  
  130  9:21  Terran Infantry Armor Level 2, Marine  
  130  9:23  Marine  
  133  9:33  Marine  
  133  9:34  SCV, Marauder, Marine  
  133  9:36  Marauder, Widow Mine x2  
  133  9:38  SCV  
  134  9:41  SCV  
  134  9:42  Ghost Academy  
  135  9:50  Marine  
  135  9:51  Marauder  
  135  9:52  Medivac x2  
  142  9:56  Refinery x2  
  142  9:57  Marine x2  
  142  9:58  SCV, Widow Mine  
  142  9:59  Supply Depot x2  
  149  10:01  Widow Mine  
  149  10:02  SCV x2  
  153  10:10  Marine  
  153  10:12  Command Center  
  153  10:13  Enhanced Shockwaves  
  152  10:16  Ghost  
  152  10:19  Ghost  
  152  10:20  Ghost  
  158  10:23  Marine  
  158  10:24  Supply Depot  
  158  10:28  Marine  
  157  10:30  Marine  
  155  10:42  Marine x2  
  155  10:45  Marauder  
  155  10:46  Marine  
  155  10:48  Marine  
  155  10:49  Marauder  
  159  10:50  Marauder  
  157  11:00  Marine x2  
  157  11:02  Orbital Command  
  157  11:04  Marine  
  152  11:06  Marauder, Marine  
  152  11:10  Marauder  
  156  11:12  Marauder  
  156  11:18  Marine x2  
  157  11:22  Marine  
  157  11:23  Marine  
  156  11:28  Marauder  
  156  11:29  SCV x2  
  156  11:32  Marauder  
  162  11:33  Marine  
  162  11:36  Marine x2  
  162  11:39  Marine  
  163  11:41  Marine  
  163  11:44  Widow Mine  
  155  11:49  Marauder  
  155  11:51  Marauder  
  155  11:52  Marine  
  151  11:58  Marine  
  145  12:06  Liberator  
  145  12:07  SCV  
  149  12:11  Marauder  
  149  12:13  Marine  
  154  12:22  Marine x3  
  158  12:26  Marine  
  158  12:28  Widow Mine  
  153  12:30  Marine  
  154  12:42  Marauder, Marine x2  
  158  12:44  Marauder  
  158  12:47  Marine  
  158  12:51  Liberator  
  162  12:55  Liberator  
  162  12:56  Marine  
  166  13:03  Marauder, Marine x2  
  166  13:18  Marine x2  
Tags
 
Add a new tag
Caveats
  • Supply blocks, unpowered buildings, or Contaminate may cause inaccurate times.
  • Supply counts are checked every 10 seconds.